 Dungeon Crawl Stone Soup version 0.17.0-28-g6e173f8 (webtiles) character file.

117 M4edhros the Charlatan (level 5, -7/33 HPs)
             Began as an Octopode Artificer on Nov 25, 2015.
             Killed themself with a badly aimed fireball (8 damage)
             ... on level 4 of the Dungeon.
             The game lasted 00:01:09 (989 turns).

M4edhros the Charlatan (Octopode Artificer)          Turns: 989, Time: 00:01:10

Health: -7/33      AC:  1    Str: 11    XL:     5   Next: 1%
Magic:  8/8        EV: 12    Int: 16    God:
Gold:   38         SH:  0    Dex: 13    Spells: 0 memorised, 4 levels left

rFire  . . .     SeeInvis .     a - +0 short sword
rCold  . . .     Clarity  .     (no shield)
rNeg   . . .     SustAt   .     (helmet restricted)
rPois  .         Gourm    .     (no amulet)
rElec  .         Spirit   .     f - +2 ring of intelligence
rCorr  .         Warding  .     (no ring)
rMut   .         Stasis   .     (no ring)
MR     .....                    (no ring)
Stlth  ++++......               (no ring)
                                (no ring)
                                (no ring)
                                (no ring)

@: lethally poisoned (-7 -> -14), not resistant to hostile enchantments,
stealthy
A: almost no armour, amphibious, 8 rings, constrict 8, camouflage 1, gelatinous
body 1
a: no special abilities


You were on level 4 of the Dungeon.
You were not hungry.

You visited 1 branch of the dungeon, and saw 4 of its levels.

You collected 38 gold pieces.

Inventory:

Hand Weapons
 a - a +0 short sword (weapon)
Missiles
 j - 27 sling bullets
Jewellery
 f - a +2 ring of intelligence (left tentacle)
Wands
 b - a wand of flame (9)
 c - a wand of enslavement (14)
 d - a wand of random effects (12)
Scrolls
 h - 2 scrolls of magic mapping {unknown}
 i - a scroll of remove curse {unknown}
 l - a scroll of blinking {unknown}
Comestibles
 e - a bread ration
 g - a beef jerky
 k - a meat ration


   Skills:
 - Level 1.0 Fighting
 - Level 1.0 Short Blades
 - Level 2.0 Dodging
 + Level 4.6 Stealth
 + Level 4.9 Evocations


You had 4 spell levels left.
You didn't know any spells.

Dungeon Overview and Level Annotations

Branches:
Dungeon (4/15)
 Temple: D:4-7

Altars:

Annotations:
D:4 bollicks1999's ghost, amateur HOFi


Innate Abilities, Weirdness & Mutations

You cannot wear most types of armour.
You are amphibious.
You can wear up to eight rings at the same time.
You can use your tentacles to constrict eight enemies at once.
Your skin changes colour to match your surroundings (Stealth).
Your rubbery body absorbs attacks (AC +1).


Message History

Evoke which item? (* to show all) (? for menu, Esc to quit)
Zapping:
d - a wand of random effects (13)
Press: ? - help, Shift-Dir - straight line, f/p - scorpion
Aim: a scorpion (almost dead, constricted by you)
The scorpion resists with significant effort.
This wand has 12 charges left.
You constrict the scorpion, but do no damage.
* * * LOW HITPOINT WARNING * * *
You feel sick. The scorpion stings you.
* * * LOW HITPOINT WARNING * * *
Evoke which item? (* to show all) (? for menu, Esc to quit)
Zapping:
d - a wand of random effects (12)
Press: ? - help, Shift-Dir - straight line, f/p - scorpion
Aim: a scorpion (severely wounded, constricted by you)
The fireball explodes!
The fireball engulfs the scorpion.
You kill the scorpion!
You have reached level 5!
You feel stronger. The fireball engulfs you!
You die...

.## .(# .. ..# #.#
#.# ..# #.# ...
#.###..# # #.#
#...####......##W#
...
..................
#.#
#.............####
#.# #.#
#..@†...... ###.#
#.# #......####
....###.# #.##.###
........# ##.##.##
.######.# #..†...#
.# ##.# #.#..#+#
.# #<.#####.#..+
.## #.###....#..#
..## #.##..#######


You could see bollicks1999's ghost (wandering).

Vanquished Creatures
  A scorpion (D:4)
  A hound (D:4)
  2 adders
  2 worms
  A bat (D:2)
  4 hobgoblins
  A giant newt (D:3)
  A kobold (D:2)
  2 rats (D:3)
15 creatures vanquished.

Vanquished Creatures (collateral kills)
  A hobgoblin (D:2)
1 creature vanquished.

Vanquished Creatures (others)
  An adder (D:2)
1 creature vanquished.

Grand Total: 17 creatures vanquished

Notes
Turn   | Place    | Note
--------------------------------------------------------------
     0 | D:1      | M4edhros the Octopode Artificer began the quest for the Orb.
     0 | D:1      | Reached XP level 1. HP: 13/13 MP: 3/3
    89 | D:2      | Reached XP level 2. HP: 6/18 MP: 4/4
   336 | D:2      | Reached XP level 3. HP: 11/23 MP: 5/5
   609 | D:3      | Reached skill level 4 in Evocations
   893 | D:4      | Reached XP level 4. HP: 20/28 MP: 7/7
   979 | D:4      | Noticed a scorpion
   980 | D:4      | Noticed bollicks1999's ghost (amateur HOFi)
   988 | D:4      | HP: 1/28 [scorpion (2)]
   989 | D:4      | Killed a scorpion
   989 | D:4      | Reached XP level 5. HP: 1/33 MP: 8/8
   989 | D:4      | Killed themself with a badly aimed fireball

Action                   |  1- 3 |  4- 6 || total
-------------------------+-------+-------++-------
Melee: Short sword       |    26 |     2 ||    28
Evoke: Wand              |     5 |     5 ||    10
 Stab: Sleeping          |     4 |       ||     4
